 Dungeon Crawl Stone Soup version 0.29-a0-925-g0a7a3d12f8 (webtiles) character file.

Game seed: 1068506533430795590

1661 Malachi the Thaumaturge (level 8, -1/58 HPs)
             Began as a Mummy Cinder Acolyte on July 29, 2022.
             Was a High Priest of Ignis.
             Slain by a steam dragon (3 damage)
             ... on level 7 of the Dungeon.
             The game lasted 00:08:32 (9009 turns).

Malachi the Thaumaturge (Mummy Cinder Acolyte)      Turns: 9009, Time: 00:08:32

Health: -1/58      AC:  0    Str: 17    XL:     8   Next: 69%
Magic:  5/24       EV: 11    Int: 16    God:    Ignis [*****.]
Gold:   249        SH:  0    Dex: 13    Spells: 29/31 levels left

rFire   . . .      SeeInvis .   a - +0 hand axe (venom)
rCold   + . .      Faith    .   (no shield)
rNeg    + + +      Spirit   .   (no body armour)
rPois   ∞          Reflect  .   (no helmet)
rElec   .          Harm     .   (no cloak)
rCorr   .          Rampage  .   (no gloves)
Will    +....                   (no boots)
Stlth   +.........              (no amulet)
HPRegen 0.19/turn               g - +6 ring of dexterity
MPRegen 0.19/turn               (no ring)

@: very slightly contaminated
A: cold resistance 1, negative energy resistance 3, torment resistance 2, heat
vulnerability 1, in touch with death 1, no potions
a: Renounce Religion, Fiery Armour, Foxfire Swarm, Rising Flame


You were on level 7 of the Dungeon.
You worshipped Ignis.
Ignis was extremely pleased with you.
You visited 1 branch of the dungeon, and saw 7 of its levels.

You collected 249 gold pieces.

Inventory:

Hand Weapons
 a - a +0 hand axe of venom (weapon)
 i - a +0 hand axe of flaming
Missiles
 l - 2 throwing nets
 q - 3 curare-tipped darts
Armour
 b - a +0 robe
 e - a +1 plate armour
 p - an orb of energy
Jewellery
 g - a +6 ring of dexterity (left hand)
 o - a ring of willpower
Scrolls
 c - a scroll of poison
 d - 3 scrolls of identify
 f - a scroll of amnesia
 h - 2 scrolls of blinking
 j - 2 scrolls of butterflies
 k - 2 scrolls of fear
 m - a scroll of torment
 n - 2 scrolls of enchant armour


   Skills:
 - Level 3.0 Fighting
 - Level 3.9 Axes
 - Level 12.1 Spellcasting
 + Level 3.0 Fire Magic


You had 29 spell levels left.
You knew the following spells:

 Your Spells              Type           Power      Damage    Failure   Level
a - Scorch                Fire           38%        2d6       3%          2

Your spell library contained the following spells:

 Spells                   Type           Power      Damage    Failure   Level
 Gell's Gravitas          Tloc           9%         N/A       22%         3
 Stone Arrow              Conj/Erth      18%        3d8       22%         3
 Teleport Other           Tloc           9%         N/A       22%         3
 Anguish                  Hex/Necr       7%         N/A       58%         4
 Animate Armour           Summ/Erth      18%        N/A       58%         4
 Animate Dead             Necr           14%        N/A       58%         4
 Borgnjor's Vile Clutch   Necr/Erth      7%         N/A       90%         5
 Death Channel            Necr           7%         N/A       100%        6
 Dispersal                Tloc           4%         N/A       100%        6
 Enfeeble                 Hex            4%         N/A       100%        7
 Lehudib's Crystal Spear  Conj/Erth      4%         10d3      100%        8


Dungeon Overview and Level Annotations

Branches:
Dungeon (7/15)             Temple (0/1) D:6

Altars:
Fedhas

Shops:
D:1 *[   D:2 [   D:6 !


Innate Abilities, Weirdness & Mutations

You are immune to poison.
Your flesh is cold resistant. (rC+)
You are immune to negative energy. (rN+++)
You are immune to unholy pain and torment.
You are vulnerable to heat. (rF-)
You are in touch with the powers of death.
You do not drink.


Message History

Casting: Scorch (safe; 3% risk of failure)
Press: ? - help, Q - select action, (/) - cycle Dir - look around, f - activate Nothing appears to happen.
You are engulfed in a cloud of scalding steam.
Unknown command.
You are engulfed in a cloud of scalding steam.
Casting: Scorch (safe; 3% risk of failure)
Press: ? - help, Q - select action, (/) - cycle Dir - look around, f - activate Flames lash the steam dragon.
The steam dragon is burned terribly!
The steam dragon is moderately wounded.
Unknown command.
Casting: Scorch (safe; 3% risk of failure)
Press: ? - help, Q - select action, (/) - cycle Dir - look around, f - activate Flames lash the steam dragon but do no damage.
The steam dragon closely misses you. x2
Unknown command.
Casting: Scorch (safe; 3% risk of failure)
Press: ? - help, Q - select action, (/) - cycle Dir - look around, f - activate You miscast Scorch.
You are very lightly contaminated with residual magic.
Nothing appears to happen.
The steam dragon bites you!
* * * LOW HITPOINT WARNING * * *
The steam dragon barely misses you.
Casting: Scorch (safe; 3% risk of failure)
Press: ? - help, Q - select action, (/) - cycle Dir - look around, f - activate Flames lash the steam dragon.
The steam dragon is burned terribly!
The steam dragon is severely wounded.
The steam dragon bites you!
* * * LOW HITPOINT WARNING * * *
The steam dragon claws you.
* * * LOW HITPOINT WARNING * * *
Casting: Scorch (safe; 3% risk of failure)
Press: ? - help, Q - select action, (/) - cycle Dir - look around, f - activate Flames lash the steam dragon.
The steam dragon is burned terribly!
The steam dragon is almost dead.
The steam dragon bites you.
* * * LOW HITPOINT WARNING * * *
The steam dragon claws you.
You die...

#..?......#........# #.
#.........+........# #.
##........##........# #.
#.........##........#####.
#.........##............##
#....#§##.##.<.....####.##
......##.##.##.......####...
.......
#..#.......#.........
.......
##.D@......#.........
....... #.......|.#.........
....... #.........#.........
.... ##........'.........
#.####'###......... #..# #.#
......... #####!# #.#
.<...... +.#
#.###.############ #.#
#.#...........#


You could see a steam dragon (combustible).

Vanquished Creatures
  An ice beast (D:7)
  3 black bears
  A sky beast (D:6)
  3 centaurs
  A kobold brigand (D:4)
  2 scorpions
  A bullfrog (D:6)
  3 wights (D:7)
  A howler monkey (D:5)
  An orc priest (D:6)
  4 iguanas
  Natasha (thrice) (D:2)
  2 orc wizards (D:6)
  12 gnolls
  5 adders
  A white imp (D:6)
  3 ufetubi
  A worm (D:2)
  A dart slug (D:1)
  6 orcs
  5 ball pythons
  8 bats
  4 endoplasms
  3 giant cockroaches
  5 hobgoblins
  4 jackals (D:4)
  12 kobolds
  A quokka (D:2)
  12 frilled lizards
  9 goblins
  7 rats
125 creatures vanquished.

Vanquished Creatures (others)
  20 foxfires (D:7)
  4 plants (D:4)
24 creatures vanquished.

Grand Total: 149 creatures vanquished

Notes
Turn   | Place    | Note
-------+----------+-------------------------------------------
     0 | D:1      | Malachi the Mummy Cinder Acolyte began the quest for the
                  | Orb.
     0 | D:1      | Reached XP level 1. HP: 18/18 MP: 2/2
   233 | D:1      | Reached XP level 2. HP: 20/24 MP: 4/4
   475 | D:1      | Found Socyddon's Assorted Antiques.
   514 | D:1      | Found Wifeitei's Antique Armour Shoppe.
   838 | D:1      | Learned a level 2 spell: Scorch
   877 | D:2      | Noticed Natasha
   886 | D:2      | Noticed a crimson imp
   893 | D:2      | Killed Natasha
   894 | D:2      | Gained mutation: You are in touch with the powers of death.
                  | [Mummy growth]
   894 | D:2      | Reached XP level 3. HP: 12/29 MP: 5/5
  1321 | D:2      | Reached skill level 2 in Spellcasting
  1321 | D:2      | Reached XP level 4. HP: 33/35 MP: 5/7
  1324 | D:2      | Noticed Natasha
  1336 | D:2      | Killed Natasha
  1337 | D:2      | Reached skill level 3 in Spellcasting
  1390 | D:2      | HP: 1/35 [worm (8)]
  1763 | D:2      | Found a faded altar of an unknown god.
  1807 | D:2      | Found Ykezeowiga's Armour Shop.
  2289 | D:2      | Noticed Natasha
  2297 | D:2      | Killed Natasha
  2298 | D:2      | Reached skill level 4 in Spellcasting
  2298 | D:2      | Reached XP level 5. HP: 35/41 MP: 9/11
  2574 | D:3      | Found a blossoming altar of Fedhas.
  3636 | D:4      | Noticed a black bear
  3645 | D:4      | Killed a black bear
  3646 | D:4      | Reached skill level 5 in Spellcasting
  3646 | D:4      | Reached XP level 6. HP: 39/47 MP: 11/14
  3779 | D:4      | Reached skill level 6 in Spellcasting
  4215 | D:5      | Entered Level 5 of the Dungeon
  4236 | D:5      | Identified the +0 ring mail of the Hall of Blades {rF+}
  4386 | D:5      | Reached skill level 7 in Spellcasting
  4627 | D:5      | Reached XP level 7. HP: 51/52 MP: 18/18
  4706 | D:5      | Reached skill level 8 in Spellcasting
  5353 | D:6      | Reached skill level 9 in Spellcasting
  5459 | D:6      | Found a staircase to the Ecumenical Temple.
  6047 | D:6      | Reached skill level 10 in Spellcasting
  6054 | D:6      | Reached XP level 8. HP: 15/58 MP: 22/22
  6735 | D:6      | Found Xer Unum's Distillery.
  6847 | D:6      | Reached skill level 11 in Spellcasting
  8755 | D:7      | Reached skill level 12 in Spellcasting
  9009 | D:7      | HP: 2/58 [steam dragon (2)]
  9009 | D:7      | Slain by a steam dragon

Illustrated notes

Levels and vault maps discovered:
D:1:      minmay_arrival_three_doors, layout_basic, serial_shops,
          nicolae_shop_hallway_stairs, shop, hangedman_decor_growths
D:2:      layout_basic, serial_shops, shop,
          dreamdust_ecumenical_altar_angels_and_demons, hex_medium,
          kennysheep_nub, minmay_lizard_pond, uniq_natasha
D:3:      layout_basic, fedhas_ov_isle_minmay, st_stairs_6
D:4:      layout_loops_ring, lexackson_kobold_supper
D:5:      layout_gridville
D:6:      layout_loops_corners, minmay_temple_entry_ruins, serial_shops,
          nicolae_inconvenience_store
D:7:      layout_basic

Skill      XL: |  1  2  3  4  5  6  7  8 |
---------------+-------------------------+-----
Axes           | 3 |  3.9
Spellcasting   | 2 4 5 7 10 12 | 12.1
Fire Magic     | 3 |  3.0
Fighting       | |  3.0

Action                   |  1- 3 |  4- 6 |  7- 9 || total
-------------------------+-------+-------+-------++-------
Melee: Hand axe          |   111 |   186 |   174 ||   471
       Punch             |     2 |     1 |     1 ||     4
 Cast: Scorch            |       |       |    11 ||    11
Invok: Foxfire Swarm     |       |       |     1 ||     1
  Use: Scroll            |     3 |    10 |       ||    13
Armor: Robe              |     8 |       |       ||     8
       Plate armour      |    51 |   150 |   181 ||   382
Dodge: Dodged            |    44 |    60 |    65 ||   169

Table legend: (Time is in decaauts)
 A = Elapsed time spent in this place.
 B = Non-inter-level travel time spent in this place.
 C = Inter-level travel time spent in this place.
 D = Time resting spent in this place.
 E = Time spent auto-exploring this place.
 F = Levels seen in this place.
 G = Mean time per level.
                   A        B        C        D        E       F      G
               +--------+--------+--------+--------+--------+-----+--------+
         Total |   9073 |   8839 |    234 |   2285 |   5478 |   7 | 1296.1 |
       Dungeon |   9073 |   8839 |    234 |   2285 |   5478 |   7 | 1296.1 |
               +--------+--------+--------+--------+--------+-----+--------+

Top non-repeatable levels by time:
     D:6: 2397 daAuts
     D:2: 1688 daAuts
     D:5: 1272 daAuts
     D:7: 1145 daAuts
     D:3: 972 daAuts
     D:1: 849 daAuts
     D:4: 747 daAuts
